 Dungeon Crawl Stone Soup version 0.28.0 (webtiles) character file.

Game seed: 2014651258669242702

13603 Crownlay the Basher (level 11, -4/106 (113) HPs)
             Began as a Troll Berserker on Feb 17, 2022.
             Was a Believer of Trog.
             Killed from afar by Josephine (32 damage)
             ... with a ghostly fireball
             ... on level 11 of the Dungeon.
             The game lasted 00:25:11 (9745 turns).

Crownlay the Basher (Troll Berserker)               Turns: 9745, Time: 00:25:12

HP:   -4/106 (113)  AC: 10    Str: 26    XL:     11   Next: 77%
MP:   10/10         EV: 12    Int:  3    God:    Trog [**....]
Gold: 641           SH:  0    Dex: 19    Spells: 10/10 levels left

rFire   x . .      SeeInvis .   D - +3 giant spiked club
rCold   + . .      Faith    .   (shield currently unavailable)
rNeg    . . .      Spirit   .   m - +0 acid dragon scales
rPois   +          Reflect  .   K - +2 hat
rElec   .          Harm     .   n - scarf {repulsion}
rCorr   +          Rampage  .   (gloves unavailable)
Will    ++...                   (boots unavailable)
Stlth   ++........              (no amulet)
HPRegen 2.07/turn               J - +6 ring of dexterity
MPRegen 0.12/turn               o - ring "Gighofun" {Ice rPois Str-5 Dex+4 Stlth+}

@: strong-willed, regenerating, drained, repel missiles
A: large, unfitting armour, claws 3, regeneration 1, shaggy fur 1, tough skin 1
a: Renounce Religion, Berserk, Trog's Hand


You were on level 11 of the Dungeon.
You worshipped Trog.
Trog was pleased with you.
You visited 2 branches of the dungeon, and saw 12 of its levels.

You collected 641 gold pieces.

Inventory:

Hand Weapons
 D - a +3 giant spiked club (weapon)
Missiles
 a - 30 poisoned darts (quivered)
 d - 2 throwing nets
 C - 2 javelins
 M - 2 curare-tipped darts
Armour
 m - +0 acid dragon scales (worn)
 n - a scarf of repulsion (worn)
 K - a +2 hat (worn)
Jewellery
 o - the ring "Gighofun" (right claw) {Ice rPois Str-5 Dex+4 Stlth+}
   (You found it on level 4 of the Dungeon)

   [ring of ice]

   It enhances your ice magic.
   Str:       It affects your strength (-5).
   Dex:       It affects your dexterity (+4).
   rF:        It makes you vulnerable to fire.
   rC:        It protects you from cold.
   rPois:     It protects you from poison.
   Stlth:     It makes you more stealthy.
 E - a +6 ring of strength
 J - a +6 ring of dexterity (left claw)
Wands
 k - a wand of charming (11)
 t - a wand of digging (1)
 N - a wand of paralysis (11)
Scrolls
 b - a scroll of immolation {unknown}
 f - 2 scrolls of fog
 g - a scroll of amnesia {unknown}
 h - 3 scrolls of blinking
 i - 2 scrolls of teleportation
 r - a scroll of vulnerability {unknown}
 u - 2 scrolls of magic mapping {unknown}
 x - 2 scrolls of torment
 y - 2 scrolls of silence
 B - 2 scrolls of holy word {unknown}
 F - a scroll of brand weapon {unknown}
 H - a scroll of fear {unknown}
 I - 3 scrolls of enchant weapon
 O - a scroll of summoning {unknown}
Potions
 c - 3 potions of magic {unknown}
 e - 2 potions of lignification
 j - 3 potions of curing
 l - a potion of mutation {unknown}
 p - a potion of cancellation {unknown}
 q - 3 potions of might
 s - a potion of haste {unknown}
 v - 3 potions of degeneration {unknown}
 w - 4 potions of resistance {unknown}
 z - a potion of ambrosia {unknown}
 A - a potion of berserk rage {unknown}
 G - a potion of heal wounds {unknown}
 L - a potion of attraction {unknown}


   Skills:
 + Level 8.7 Fighting
 * Level 13.7 Maces & Flails
 + Level 3.1 Armour
 - Level 5.8 Dodging


You had 10 spell levels left.
You didn't know any spells.
Your spell library was empty.

Dungeon Overview and Level Annotations

Branches:
Dungeon (11/15)            Temple (1/1) D:6            Lair (0/6) D:9
    Orc (0/2) D:11

Altars:
Ashenzari
Cheibriados
Dithmenos
Kikubaaqudgha
Nemelex Xobeh
Okawaru
Ru
Sif Muna
Uskayaw
Vehumet
Xom
Zin
The Shining One

Shops:
D:1 ?   D:3 :

Annotations:
D:8 2 transporters, altcumming's ghost, novice MiFi
D:11 Fannar; Josephine


Innate Abilities, Weirdness & Mutations

You are too large for most types of armour.
You have claws for hands.
Your natural rate of healing is unusually fast.
You are covered in fur. (AC +1)
You have tough skin. (AC +1)


Message History

The flying skull is heavily damaged.
The flying skull hits you!
* * * LOW HITPOINT WARNING * * *
You miss the flying skull.
The flying skull is heavily damaged.
The flying skull completely misses you. The flying skull barely misses you.
You closely miss the flying skull.
The flying skull is heavily damaged.
The flying skull barely misses you. The flying skull hits you.
* * * LOW HITPOINT WARNING * * *
You closely miss the flying skull.
The flying skull is heavily damaged.
You feel the effects of Trog's Hand fading.
The flying skull hits you but does no damage.
You bludgeon the flying skull!!
You destroy the flying skull!
Trog accepts your kill.
The flying skull hits you but does no damage.
Your skin crawls.
You feel strong-willed. The flying skull hits you.
* * * LOW HITPOINT WARNING * * *
You bludgeon the flying skull!!
You destroy the flying skull!
Trog accepts your kill.
You bludgeon the centaur warrior zombie!!
The centaur warrior zombie is moderately damaged.
The centaur warrior zombie hits you.
* * * LOW HITPOINT WARNING * * *
The centaur warrior zombie kicks you but does no damage.
You impale the centaur warrior zombie!!
The centaur warrior zombie is severely damaged.
The centaur warrior zombie barely misses you.
The centaur warrior zombie misses you.
Josephine gestures at you while chanting.
The ghostly flame explodes!
The ghostly fireball engulfs the centaur warrior zombie.
The centaur warrior zombie completely resists.
The ghostly fireball engulfs you!!
You feel drained.
You die...

#...#.....#.....#
.......#...##....#.....#
.......#...##....#.....#
.......#...##....#.....#
.......+...##....#.Z...#
.......#...#.....##'####
#......#...##.........#
#......#...##@........#
#......'...@ZZ........#
#......#...#################
#......#...#................
.......#...#.........###....
.....<.#...'..#......# #....
.......#####..#......# #....
....##........#......# #....
.... #........#......# #....
#..###...#......###....


You could see Josephine and 2 centaur warrior zombies.

Vanquished Creatures
  Harold (D:10)
  A hydra (D:11)
  A centaur warrior (D:11)
  Erolcha (D:10)
  Nergalle (D:10)
  Pikel (D:7)
  An ugly thing (D:6)
  A cyclops (D:11)
  A gargoyle (D:11)
  A kobold demonologist (D:10)
  A troll (D:9)
  Prince Ribbit (D:7)
  4 flying skulls (D:11)
  2 shadows
  Eustachio (D:4)
  22 yaks
  3 vampire mosquitoes (D:7)
  An acid dragon (D:9)
  A water moccasin (D:7)
  A hornet zombie (D:9)
  An ice beast (D:5)
  2 orc warriors
  2 sky beasts (D:5)
  3 ogres
  A necrophage (D:6)
  3 centaurs
  3 lemures (D:7)
  2 phantoms (D:6)
  3 kobold brigands (D:10)
  Blork the orc (D:4)
  A gnoll sergeant (D:11)
  7 scorpions
  A troll zombie (D:11)
  3 killer bees (D:9)
  9 wights
  2 centaur zombies
  A jelly (D:8)
  A hound (D:4)
  2 orc priests
  Crazy Yiuf (D:7)
  A gnoll shaman (D:6)
  A centaur skeleton (D:7)
  3 iguanas
  6 orc wizards
  A killer bee zombie (D:9)
  2 ogre zombies (D:11)
  A howler monkey zombie (D:9)
  12 gnolls
  4 adders
  A shadow imp (D:6)
  2 white imps
  An ufetubus (D:5)
  An adder skeleton (D:4)
  3 dart slugs
  10 orcs
  4 bats
  7 endoplasms
  6 giant cockroaches
  9 goblins
  3 hobgoblins
  2 jackals (D:5)
  4 quokkas
  11 ball pythons
  4 frilled lizards
  A goblin zombie (D:11)
  13 kobolds
  An orc skeleton (D:11)
  2 orc zombies (D:11)
  2 rats (D:1)
214 creatures vanquished.

Notes
Turn   | Place    | Note
-------+----------+-------------------------------------------
     0 | D:1      | Crownlay the Troll Berserker began the quest for the Orb.
     0 | D:1      | Reached XP level 1. HP: 22/22 MP: 0/0
    18 | D:1      | Found Moceaq's Magic Scroll Boutique.
    85 | D:1      | Reached skill level 3 in Maces & Flails
   136 | D:1      | Reached XP level 2. HP: 29/29 MP: 1/1
   512 | D:1      | Reached ** piety under Trog
   704 | D:1      | Reached XP level 3. HP: 36/36 MP: 2/2
   804 | D:2      | Found a faded altar of an unknown god.
   848 | D:2      | Reached skill level 4 in Maces & Flails
  1104 | D:2      | Reached XP level 4. HP: 31/44 MP: 3/3
  1740 | D:3      | Found Zesu's Book Shop.
  1808 | D:3      | Noticed a scorpion
  1828 | D:3      | Killed a scorpion
  1829 | D:3      | Reached skill level 5 in Maces & Flails
  1829 | D:3      | Reached XP level 5. HP: 50/50 MP: 4/4
  2179 | D:4      | Noticed an ogre
  2204 | D:4      | Killed an ogre
  2205 | D:4      | Reached skill level 6 in Maces & Flails
  2222 | D:4      | Identified the ring "Gighofun" {Ice rPois Str-5 Dex+4
                  | Stlth+}
  2229 | D:4      | Noticed Eustachio
  2311 | D:4      | Killed Eustachio
  2312 | D:4      | Reached XP level 6. HP: 59/59 MP: 5/5
  2361 | D:4      | Noticed Blork the orc
  2376 | D:4      | Killed Blork the orc
  2377 | D:4      | Reached skill level 7 in Maces & Flails
  2543 | D:4      | Identified the +2 long sword of Likk {freeze, rElec Str+5
                  | Dex+7}
  2558 | D:4      | Reached XP level 7. HP: 25/66 MP: 6/6
  2978 | D:5      | Entered Level 5 of the Dungeon
  3037 | D:4      | Reached skill level 8 in Maces & Flails
  3374 | D:5      | Reached skill level 9 in Maces & Flails
  3374 | D:5      | Reached XP level 8. HP: 58/74 MP: 7/7
  3841 | D:6      | Found a staircase to the Ecumenical Temple.
  3856 | Temple   | Entered the Ecumenical Temple
  3953 | D:6      | Reached skill level 10 in Maces & Flails
  4558 | D:6      | Noticed a red ugly thing
  4587 | D:6      | Killed a red ugly thing
  4588 | D:6      | Reached skill level 11 in Maces & Flails
  4588 | D:6      | Reached XP level 9. HP: 80/80 MP: 8/8
  5182 | D:7      | Reached skill level 12 in Maces & Flails
  5364 | D:7      | Found a runed translucent door.
  5365 | D:7      | Noticed Crazy Yiuf
  5375 | D:7      | Killed Crazy Yiuf
  5516 | D:7      | Noticed Pikel
  5719 | D:7      | Killed Pikel
  5885 | D:7      | Found a shadowy altar of Dithmenos.
  6075 | D:7      | Noticed Prince Ribbit
  6084 | D:7      | Killed Prince Ribbit
  6085 | D:7      | Reached skill level 5 in Fighting
  6219 | D:8      | Reached XP level 10. HP: 96/96 MP: 9/9
  6298 | D:8      | Found a transporter.
  6307 | D:8      | Noticed altcumming's ghost (novice MiFi)
  6332 | D:8      | Found a transporter.
  6434 | D:8      | Found a radiant altar of Vehumet.
  6434 | D:8      | Found a shimmering blue altar of Sif Muna.
  6523 | D:8      | Identified the +5 ring mail "Derphidi" {Drain rPois Dex+8}
  6680 | D:8      | Found an ancient bone altar of Kikubaaqudgha.
  6687 | D:8      | Found a sparkling altar of Nemelex Xobeh.
  7275 | D:9      | Found a staircase to the Lair.
  7361 | D:9      | Reached skill level 5 in Dodging
  7740 | D:9      | Found a hide-covered altar of Uskayaw.
  7754 | D:10     | Entered Level 10 of the Dungeon
  8107 | D:10     | Noticed Erolcha
  8109 | D:10     | Noticed Harold
  8119 | D:10     | Killed Erolcha
  8120 | D:10     | Reached XP level 11. HP: 80/110 MP: 10/10
  8124 | D:10     | Killed Harold
  8438 | D:10     | Noticed a soul eater
  8603 | D:10     | Noticed Nergalle
  8613 | D:10     | Killed Nergalle
  8614 | D:10     | Reached skill level 1 in Armour
  8930 | D:10     | Reached skill level 13 in Maces & Flails
  9292 | D:11     | Noticed a centaur warrior
  9307 | D:11     | Found a staircase to the Orcish Mines.
  9316 | D:11     | Killed a centaur warrior
  9317 | D:11     | Noticed a six-headed hydra
  9325 | D:11     | Noticed Fannar
  9473 | D:11     | Killed a six-headed hydra
  9694 | D:11     | Noticed Josephine
  9745 | D:11     | Killed from afar by Josephine

Illustrated notes

Levels and vault maps discovered:
D:1:      wander_arrival_chamber, layout_basic, serial_shops, shop,
          minivault_19, wad_floor_pattern_1
D:2:      layout_basic, shapermc_ecumenical_altar_flowoftime
D:3:      layout_basic, serial_shops, nicolae_shop_stone, nicolae_shop_stone
D:4:      layout_loops_ring, uniq_eustachio, uniq_blork_the_orc
D:5:      layout_loops_ring
D:6:      layout_basic, minmay_temple_entry_wispy
D:7:      layout_gridville, nicolae_dithmenos_the_darkroom,
          uniq_crazy_yiuf_cottage, uniq_pikel, uniq_prince_ribbit1
D:8:      layout_loops_ring, nicolae_overflow_hidden_temple,
          gammafunk_ghost_stat_death
D:9:      layout_cave_pools, mainiacjoe_overflow_alcove_4, lair_entry_dummy
D:10:     layout_stronghold, uniq_nergalle, uniq_harold, uniq_erolcha
D:11:     hangedman_screamer, layout_stronghold, zombieorc2_lemuel,
          uniq_gastronok, uniq_fannar
Temple:   eino_wide_crystal_templ

Skill      XL: |  1  2  3  4  5  6  7  8  9 10 11 |
---------------+----------------------------------+-----
Maces & Flails | 3 4 5 6 7 9 11 12 13 | 13.7
Fighting       | 5 7 8 |  8.7
Dodging        | 4 5 |  5.8
Armour         | 3 |  3.1

Action                   |  1- 3 |  4- 6 |  7- 9 | 10-12 || total
-------------------------+-------+-------+-------+-------++-------
Melee: Mace              |    98 |   171 |   356 |    15 ||   640
       Punch             |     2 |       |     7 |    10 ||    19
       Flail             |       |       |       |   205 ||   205
       Giant spiked club |       |       |       |   120 ||   120
Throw: Javelin           |       |       |     5 |     2 ||     7
       Dart              |       |       |       |     4 ||     4
Invok: Berserk           |       |     5 |     9 |    12 ||    26
       Trog's Hand       |       |     5 |     5 |    13 ||    23
  Use: Scroll            |       |       |     7 |     6 ||    13
       Potion            |       |       |       |     2 ||     2
 Stab: Sleeping          |       |       |     2 |       ||     2
       Distracted        |       |       |       |     1 ||     1
Armor: Animal skin       |    29 |    47 |    42 |    45 ||   163
       Acid dragon scale |       |       |       |    90 ||    90
Dodge: Dodged            |    58 |   105 |   190 |   253 ||   606
       Repelled          |       |     1 |       |     1 ||     2
